 Dungeon Crawl Stone Soup version 0.28.0-53-g5a82cb258f (webtiles) character file.

Game seed: 18249007041926696216

122012 Peloso the Tortoise (level 16, -27/154 (157) HPs)
             Began as a Minotaur Fighter on June 28, 2022.
             Was the Champion of Okawaru.
             Killed from afar by a deep elf zephyrmancer (46 damage)
             ... with a bolt of lightning
             ... on level 1 of the Elven Halls.
             The game lasted 01:11:47 (36185 turns).

Peloso the Tortoise (Minotaur Fighter)             Turns: 36185, Time: 01:11:48

HP:   -27/154 (157) AC: 22    Str: 33    XL:     16   Next: 33%
MP:   16/16         EV: 13    Int: 10    God:    Okawaru [******]
Gold: 1968          SH: 12    Dex: 11    Spells: 15/15 levels left

rFire   + . .      SeeInvis .   c - +7 long sword of the Crushing Asp {spect, rC+ rN+ Will- Str+3}
rCold   + . .      Faith    .   i - +0 kite shield
rNeg    + . .      Spirit   .   U - +1 plate armour {rPois}
rPois   +          Reflect  .   (helmet restricted)
rElec   .          Harm     .   R - +1 cloak
rCorr   .          Rampage  +   (no gloves)
Will    +....                   O - +2 pair of boots {rampage}
Stlth   ..........              (no amulet)
HPRegen 0.35/turn               V - ring of willpower
MPRegen 0.15/turn               L - ring "Irho" {rF+ EV+4 Str+2 Int+5}

@: about to teleport, corroded, lightly drained
A: horns 2, retaliatory headbutt
a: Renounce Religion, Heroism, Finesse, Duel


You were on level 1 of the Elven Halls.
You worshipped Okawaru.
Okawaru was exalted by your worship.
You visited 5 branches of the dungeon, and saw 25 of its levels.
You visited the Abyss 1 time.
You also visited: Bailey.

You collected 2854 gold pieces.
You spent 886 gold pieces at shops.

Inventory:

Hand Weapons
 a - the +4 scimitar "Poeryn" {flame, Int+2 SInv Stlth+}
   (You bought it in a shop on level 2 of the Orcish Mines)

   It burns those it strikes, dealing additional fire damage.
   Big, fiery blades are also staple armaments of hydra-hunters.
   Int:       It affects your intelligence (+2).
   SInv:      It lets you see invisible.
   Stlth:     It makes you more stealthy.
 b - the +9 sword of Zonguldrok {reap}
   (You found it on level 9 of the Dungeon)

   Any living foe damaged by it may be reanimated upon death as a zombie
   friendly to the wielder, with an increasing chance as more damage is dealt.
 c - the +7 long sword of the Crushing Asp (weapon) {spect, rC+ rN+ Will- Str+3}
   (You found it on level 4 of the Dungeon)

   When its wielder attacks, the weapon's spirit leaps out and strikes again.
   The spirit shares a part of any damage it takes with its wielder.
   Str:       It affects your strength (+3).
   rC:        It protects you from cold.
   rN:        It protects you from negative energy.
   Will:      It decreases your willpower.
 Q - a +4 double sword of holy wrath
Armour
 i - a +0 kite shield (worn)
 O - a +2 pair of boots of rampaging (worn)
 R - a +1 cloak (worn)
 T - +0 shadow dragon scales
 U - a +1 plate armour of poison resistance (worn)
Jewellery
 g - a +4 ring of evasion
 p - an amulet of the acrobat
 q - a ring of positive energy
 v - a ring of see invisible
 E - an amulet of magic regeneration
 I - a ring of flight
 L - the ring "Irho" (right hand) {rF+ EV+4 Str+2 Int+5}
   (You took it off a centaur on level 9 of the Dungeon)

   [ring of evasion]

   EV:        It affects your evasion (+4).
   Str:       It affects your strength (+2).
   Int:       It affects your intelligence (+5).
   rF:        It protects you from fire.
 S - a +6 ring of intelligence
 V - a ring of willpower (left hand)
Wands
 k - a wand of polymorph (7)
 l - a wand of acid (3)
Scrolls
 e - 5 scrolls of amnesia
 h - 2 scrolls of brand weapon
 j - 7 scrolls of enchant armour
 t - 7 scrolls of fog
 y - a scroll of immolation
 z - 4 scrolls of noise
 A - a scroll of enchant weapon
 C - a scroll of summoning
 G - a scroll of silence
 H - 2 scrolls of teleportation
 K - a scroll of blinking
 Y - 4 scrolls of identify
 Z - 2 scrolls of magic mapping
Potions
 d - 8 potions of might
 f - 7 potions of mutation
 m - 2 potions of ambrosia
 n - 5 potions of magic
 o - 3 potions of haste
 r - 8 potions of curing
 s - 3 potions of flight
 w - 5 potions of cancellation
 x - 5 potions of brilliance
 D - 3 potions of heal wounds
 F - 3 potions of berserk rage
 J - a potion of experience
 M - 6 potions of invisibility
 N - 4 potions of resistance
Miscellaneous
 B - a phial of floods
 P - a lightning rod (4/4)
 W - a condenser vane


   Skills:
 + Level 17.9 Fighting
 + Level 1.0(11.0) Short Blades
 + Level 18.2(18.3) Long Blades
 + Level 3.6 Maces & Flails
 + Level 0.1 Throwing
 + Level 18.8 Armour
 + Level 4.6 Dodging
 + Level 4.0 Stealth
 + Level 14.1 Shields
 + Level 1.5 Unarmed Combat
 + Level 2.5 Invocations
 + Level 2.7 Evocations


You had 15 spell levels left.
You didn't know any spells.
Your spell library contained the following spells:

 Spells                   Type           Power      Damage    Failure   Level
 Freeze                   Ice            0%         1d3       95%         1
 Magic Dart               Conj           0%         1d3       95%         1
 Pain                     Necr           0%         1d4       95%         1
 Shock                    Conj/Air       0%         1d3       95%         1
 Slow                     Hex            0%         N/A       95%         1
 Sting                    Tmut/Pois      0%         1d3       95%         1
 Ensorcelled Hibernation  Hex/Ice        0%         N/A       99%         2
 Poisonous Vapours        Pois/Air       0%         N/A       99%         2
 Confusing Touch          Hex            0%         N/A       100%        3
 Frozen Ramparts          Ice            0%         1d2       100%        3
 Ignite Poison            Fire/Tmut/Pois 0%         N/A       100%        3
 Inner Flame              Hex/Fire       0%         N/A       100%        3
 Mephitic Cloud           Conj/Pois/Air  0%         N/A       100%        3
 Ozocubu's Armour         Ice            0%         N/A       100%        3
 Swiftness                Air            0%         N/A       100%        3
 Vampiric Draining        Necr           0%         2d6       100%        3
 Airstrike                Air            0%         N/A       100%        4
 Cause Fear               Hex            0%         N/A       100%        4
 Hailstorm                Conj/Ice       0%         3d3       100%        4
 Leda's Liquefaction      Hex/Erth       0%         N/A       100%        4
 Olgreb's Toxic Radiance  Pois           0%         N/A       100%        4
 Passage of Golubria      Tloc           0%         N/A       100%        4
 Agony                    Necr           0%         N/A       100%        5
 Excruciating Wounds      Necr           0%         N/A       100%        5
 Freezing Cloud           Conj/Ice/Air   0%         6-21      100%        5
 Lee's Rapid Deconstruct  Erth           0%         3d5*      100%        5
 Yara's Violent Unravell  Hex/Tmut       0%         3d3       100%        5
 Dispersal                Tloc           0%         N/A       100%        6
 Statue Form              Tmut/Erth      0%         N/A       100%        6
 Ozocubu's Refrigeration  Ice            0%         4d5       100%        7
 Storm Form               Tmut/Air       0%         N/A       100%        7
 Discord                  Hex            0%         N/A       100%        8
 Disjunction              Tloc           0%         N/A       100%        8
 Maxwell's Capacitive Co  Air            0%         ∞         100%        8
 Polar Vortex             Ice            0%         N/A       100%        9
 Call Imp                 Summ           Unusable   N/A       N/A         2
 Tukima's Dance           Hex            Unusable   N/A       N/A         3
 Summon Ice Beast         Ice/Summ       Unusable   N/A       N/A         4
 Summon Lightning Spire   Summ/Air       Unusable   N/A       N/A         4
 Simulacrum               Ice/Necr       Unusable   N/A       N/A         6

Dungeon Overview and Level Annotations

Branches:
Dungeon (15/15)            Temple (1/1) D:6            Lair (6/6) D:9
  Swamp (0/4) Lair:3       Spider (0/4) Lair:4        Slime (0/5) Lair:5
    Orc (2/2) D:11            Elf (1/3) Orc:2        Vaults (0/5) D:14
 Depths (0/4) D:15         Bailey (visited)

Altars:
Ashenzari
Dithmenos
Elyvilon
Fedhas
Kikubaaqudgha
Makhleb
Nemelex Xobeh
Okawaru
Ru
Sif Muna
Vehumet
Wu Jian
Xom
Yredelemnul
Zin
The Shining One
Beogh
Jiyva

Shops:
D:11 *   D:14 ?   D:15 [(   Orc:1 *   Orc:2 (?(?

Portals:
Abyss: Lair:3

Annotations:
D:11 3 runed translucent doors, Duralumin's ghost, novice SpCA
D:13 Casa
Lair:3 2 transporters, Peloso's ghost, journeyman MiFi
Elf:1 1 runed translucent door


Innate Abilities, Weirdness & Mutations

You have a pair of horns on your head.
You reflexively headbutt those who attack you in melee.


Message History

You block the fire elemental's attack.
The deep elf pyromancer gestures wildly while chanting.
The deep elf pyromancer blinks!
As you read the scroll of teleportation, it crumbles to dust.
You feel strangely unstable.
The deep elf sorcerer hits you with a +0 long sword!
* * * LOW HITPOINT WARNING * * *
You block the fire elemental's attack.
The +1 vorpal halberd hits you from afar!
* * * LOW HITPOINT WARNING * * *
x2 The fire elemental hits you.
The fire elemental burns you! You resist.
* * * LOW HITPOINT WARNING * * *
The deep elf zephyrmancer gestures wildly while chanting.
The deep elf zephyrmancer blinks!
The fire elemental closely misses you. x2
The deep elf zephyrmancer mumbles some strange words.
The deep elf zephyrmancer blinks!
The deep elf zephyrmancer cries, "Mercy!"
The deep elf zephyrmancer gestures wildly while chanting.
The deep elf zephyrmancer blinks!
The deep elf zephyrmancer casts a spell.
The deep elf zephyrmancer blinks!
The deep elf pyromancer hits you but does no damage.
The deep elf pyromancer is engulfed in blazing flames.
The deep elf pyromancer casts a spell.
The deep elf pyromancer blinks!
The deep elf sorcerer barely misses you.
The +1 vorpal halberd hits you but does no damage.
The fire elemental misses you. You furiously retaliate!
You headbutt the fire elemental! The fire elemental hits you.
The fire elemental burns you! You resist.
* * * LOW HITPOINT WARNING * * *
Unknown command.
You feel much better. The fire elemental hits you.
The fire elemental burns you! You resist.
* * * LOW HITPOINT WARNING * * *
The fire elemental closely misses you.
The deep elf zephyrmancer points at you and mumbles some strange words.
The bolt of lightning hits the fire elemental!
The fire elemental resists.
The bolt of lightning hits you!!!
You die...

........#...##
........#...#
........#'###
........#.#
.........#
.....##.##
....##e'.##
####§()e..##
#§.E@Ee.#
#..°EeE...#
#.....§...#
#......°....#
#.§e...°...e#
.......e....#
.........§.##
..##......##


You could see a deep elf sorcerer (fast), 2 deep elf pyromancers, 4 deep elf
zephyrmancers, 4 fire elementals and a +1 vorpal halberd.

Vanquished Creatures
  Kirke (D:14)
  A revenant (Abyss:2)
  A deep elf sorcerer (Elf:1)
  A deep elf elementalist (Elf:1)
  Nessos (D:12)
  A stone giant (D:15)
  2 deep elf annihilators (Elf:1)
  4 dire elephants (Lair:6)
  A fire dragon (D:14)
  Erolcha (D:13)
  11 hydras
  5 boulder beetles
  A vault guard (D:14)
  2 ogre magi (Orc:2)
  5 centaur warriors
  4 catoblepae
  A death knight (D:9)
  21 two-headed ogres
  An alligator (Lair:5)
  3 tengu warriors
  2 dancing weapons (Elf:1)
  An orc high priest (Orc:1)
  A spectral death yak (Lair:6)
  A sixfirhy (Abyss:2)
  A deep elf knight (Elf:1)
  A fire crab (shapeshifter) (D:13)
  A skeletal warrior (D:11)
  2 deep trolls (Orc:2)
  A spectral anaconda (Lair:6)
  A bog body (Lair:3)
  A spatial maelstrom (Abyss:2)
  A shadow demon (Abyss:2)
  An obsidian statue (Lair:6)
  A deep elf archer (Elf:1)
  A lindwurm (Lair:5)
  7 starcursed masses (Abyss:2)
  A flayed ghost (Abyss:2)
  A wizard (D:15)
  6 deep elf zephyrmancers (Elf:1)
  6 deep elf pyromancers (Elf:1)
  An orc knight (Bailey)
  3 necromancers (Lair:6)
  The ghost of duchin the Thaumaturge, a novice DEAE of Vehumet (D:7)
  6 cyclopes
  An orc sorcerer (Orc:1)
  8 ugly things
  6 manticores
  An oklob plant (Lair:4)
  A salamander (shapeshifter) (D:15)
  15 elephants
  A guardian serpent (Abyss:2)
  8 black mambas
  An eye of devastation (shapeshifter) (D:15)
  17 cane toads
  2 orange demons (Abyss:2)
  3 gargoyles (D:11)
  An ice statue (Lair:5)
  An alligator snapping turtle zombie (Abyss:2)
  A smoke demon (Abyss:2)
  3 freezing wraiths
  Psyche (D:8)
  2 kobold demonologists
  3 efreet
  16 komodo dragons
  6 rime drakes
  2 ancient zymes (Abyss:2)
  11 trolls
  Grinder (D:6)
  2 polar bears
  14 blink frogs
  5 dream sheep (Lair:4)
  A spectral elephant (Lair:6)
  2 slime creatures
  3 large abominations (Abyss:2)
  A snapping turtle (shapeshifter) (Abyss:2)
  A meliai zombie (D:10)
  2 jumping spiders (Lair:4)
  Sigmund (D:3)
  An air elemental (Elf:1)
  A jumping spider (shapeshifter) (D:14)
  2 shadows (D:9)
  A spriggan (shapeshifter) (Abyss:2)
  5 culicivoras (Lair:4)
  A wraith (D:11)
  3 wyverns
  40 yaks
  A human (D:15)
  3 basilisks
  A golden eye (shapeshifter) (D:14)
  19 vampire mosquitoes
  4 hogs
  A chaos spawn (Abyss:2)
  6 steam dragons
  A spatial vortex (Abyss:2)
  2 death yak simulacra (Lair:6)
  2 swamp worms (Lair:3)
  A spectral cane toad (Lair:6)
  A redback (Lair:4)
  Edmund (D:3)
  4 wargs (Orc:2)
  3 acid dragons
  3 hell hounds (Abyss:2)
  27 water moccasins
  A hornet zombie (D:7)
  19 orc warriors
  An elephant zombie (Lair:6)
  An ice beast (D:7)
  3 black bears
  3 sky beasts
  16 wolves
  23 ogres
  13 centaurs
  3 small abominations (Abyss:2)
  A phantom (D:3)
  Blork the orc (D:4)
  2 kobold brigands
  20 bullfrogs
  An earth elemental (Abyss:2)
  2 gnoll sergeants (D:9)
  2 wyvern zombies
  A cane toad simulacrum (Lair:6)
  4 scorpions
  7 killer bees
  An elephant simulacrum (Lair:6)
  7 wights
  A howler monkey (D:9)
  3 electric eels
  A spectral centaur (D:7)
  2 jellies
  A quasit (Abyss:2)
  A centaur skeleton (D:6)
  3 hounds
  15 orc priests
  5 centaur zombies
  A gnoll shaman (D:9)
  An iron imp (Abyss:2)
  Ijyb (D:3)
  15 orc wizards
  An iguana (D:5)
  3 centaur simulacra
  7 howler monkey zombies
  Robin (D:3)
  14 gnolls
  22 adders
  4 white imps
  A worm (D:4)
  2 dart slugs
  61 orcs
  6 ball pythons
  21 endoplasms
  6 giant cockroaches
  16 goblins
  7 hobgoblins
  10 jackals
  2 quokkas
  4 bats
  5 frilled lizards
  6 kobolds
  4 rats
  A bush (Lair:4)
781 creatures vanquished.

Vanquished Creatures (others)
  An orc wizard (Orc:2)
  29 fungi
  87 plants
  30 withered plants (Lair:6)
147 creatures vanquished.

Grand Total: 928 creatures vanquished

Notes
Turn   | Place    | Note
-------+----------+-------------------------------------------
     0 | D:1      | Peloso the Minotaur Fighter began the quest for the Orb.
     0 | D:1      | Reached XP level 1. HP: 19/19 MP: 0/0
    93 | D:1      | Reached XP level 2. HP: 22/27 MP: 1/1
   620 | D:1      | Reached XP level 3. HP: 33/33 MP: 2/2
  1466 | D:2      | Reached XP level 4. HP: 41/41 MP: 3/3
  2275 | D:3      | Noticed Sigmund
  2579 | D:3      | Killed Sigmund
  2580 | D:3      | Reached skill level 5 in Fighting
  2580 | D:3      | Reached skill level 5 in Armour
  2580 | D:3      | Reached skill level 1 in Dodging
  2580 | D:3      | Reached XP level 5. HP: 16/48 MP: 4/4
  2871 | D:3      | Noticed Robin
  2872 | D:3      | Reached XP level 6. HP: 54/56 MP: 5/5
  2879 | D:3      | Killed Robin
  3420 | D:3      | Noticed Ijyb
  3424 | D:3      | Killed Ijyb
  3456 | D:3      | Reached skill level 5 in Long Blades
  3662 | D:3      | Found a faded altar of an unknown god.
  3814 | D:4      | Noticed Edmund
  3831 | D:3      | Killed Edmund
  3832 | D:3      | Reached XP level 7. HP: 10/61 MP: 6/6
  4405 | D:4      | Reached skill level 1 in Stealth
  4497 | D:4      | Identified the +7 long sword of the Crushing Asp {spect,
                  | rC+ rN+ Will- Str+3}
  4656 | D:4      | Noticed Blork the orc
  4664 | D:4      | Killed Blork the orc
  4820 | D:5      | Entered Level 5 of the Dungeon
  4921 | D:5      | Reached skill level 1 in Evocations
  5077 | D:5      | Reached XP level 8. HP: 69/69 MP: 7/7
  5349 | D:5      | Found a glowing golden altar of the Shining One.
  5750 | D:6      | Reached skill level 5 in Shields
  5754 | D:6      | Found a staircase to the Ecumenical Temple.
  5951 | Temple   | Entered the Ecumenical Temple
  6145 | Temple   | Became a worshipper of Warmaster Okawaru
  6290 | D:6      | Noticed Grinder
  6296 | D:6      | Killed Grinder
  6526 | D:7      | Reached XP level 9. HP: 76/78 MP: 8/8
  6604 | D:7      | Reached * piety under Okawaru
  6857 | D:7      | Found a runed translucent gate.
  6858 | D:7      | Found a runed translucent gate.
  6859 | D:7      | Found a runed translucent gate.
  6860 | D:7      | Noticed duchin's ghost (novice DEAE)
  7163 | D:7      | Noticed a two-headed ogre
  7164 | D:7      | Noticed an eight-headed hydra
  7169 | D:7      | Noticed a green ugly thing
  7178 | D:7      | Reached skill level 10 in Long Blades
  7584 | D:7      | Identified the +3 rapier of Ysiwioq {holy, rC+}
  7603 | D:8      | Reached ** piety under Okawaru
  7982 | D:8      | Noticed Psyche
  7993 | D:8      | Killed Psyche
  8277 | D:9      | Reached XP level 10. HP: 71/88 MP: 9/9
  8296 | D:9      | Identified the +11 morningstar of Blood {flame, rC+ Int+2}
  8334 | D:9      | Noticed a two-headed ogre
  8371 | D:9      | Killed a two-headed ogre
  8371 | D:9      | Reached *** piety under Okawaru
  8372 | D:9      | Reached skill level 1 in Short Blades
  8845 | D:9      | Reached skill level 10 in Armour
  8904 | D:9      | Found a staircase to the Lair.
  9139 | D:9      | Found an ornate altar of the Wu Jian Council.
  9322 | D:9      | Identified the ring "Irho" {rF+ EV+4 Str+2 Int+5}
  9445 | D:9      | Noticed a two-headed ogre
  9449 | D:9      | Killed a two-headed ogre
  9449 | D:9      | Reached **** piety under Okawaru
  9725 | D:10     | Entered Level 10 of the Dungeon
  9808 | D:10     | Noticed a two-headed ogre
  9817 | D:10     | Killed a two-headed ogre
  9844 | D:10     | Received a gift from Okawaru
  9856 | D:10     | Found a flagged portal.
  9871 | Bailey   | Entered a bailey
 10223 | Bailey   | Noticed an orc knight
 10231 | Bailey   | Killed an orc knight
 10232 | Bailey   | Reached XP level 11. HP: 77/99 MP: 7/10
 11394 | D:9      | Noticed a two-headed ogre
 11402 | D:9      | Killed a two-headed ogre
 11403 | D:9      | Reached skill level 10 in Fighting
 11441 | D:9      | Reached ***** piety under Okawaru
 11494 | D:9      | Noticed a boulder beetle
 11494 | D:9      | Noticed a death knight
 11494 | D:9      | Found the +9 sword of Zonguldrok {reap}
 11494 | D:9      | Noticed a purple ugly thing
 11496 | D:9      | Noticed a two-headed ogre
 11549 | D:9      | Killed a two-headed ogre
 11776 | D:7      | Killed a nine-headed hydra
 11776 | D:7      | Received a gift from Okawaru
 11777 | D:7      | Reached skill level 1 in Invocations
 11779 | D:7      | Killed a two-headed ogre
 12064 | D:7      | Killed a green ugly thing
 12164 | Lair:1   | Entered Level 1 of the Lair of Beasts
 12537 | Lair:1   | Reached ****** piety under Okawaru
 12650 | Lair:1   | Identified the +1 ring mail of the Catfish {Int+6 Dex-4
                  | SInv} (Okawaru gifted it to you on level 1 of the Lair of
                  | Beasts)
 12650 | Lair:1   | Received a gift from Okawaru
 13557 | Lair:2   | Reached XP level 12. HP: 85/110 MP: 12/12
 14142 | Lair:2   | Reached skill level 1 in Maces & Flails
 14712 | Lair:2   | Identified the +0 leather armour of the Stone Wall {Int+4}
 15533 | Lair:3   | Reached skill level 15 in Long Blades
 15950 | Lair:3   | Found a transporter.
 15950 | Lair:3   | Found a one-way gate to the infinite horrors of the Abyss.
 15950 | Lair:3   | Noticed Peloso's ghost (journeyman MiFi)
 15955 | Lair:3   | Noticed a hell hog
 15956 | Lair:3   | Noticed a hell hog
 15991 | Lair:3   | Found a transporter.
 16087 | Lair:3   | Identified the -4 pair of boots of Ahair {-Cast Contam
                  | rC+++ SInv} (Okawaru gifted it to you on level 3 of the
                  | Lair of Beasts)
 16087 | Lair:3   | Received a gift from Okawaru
 16217 | Lair:3   | Found a staircase to the Swamp.
 16643 | Lair:4   | Found a hole to the Spider Nest.
 16650 | Lair:4   | Reached XP level 13. HP: 121/122 MP: 13/13
 17214 | Lair:4   | Reached skill level 15 in Armour
 18320 | D:11     | Found a runed translucent gate.
 18320 | D:11     | Found a runed translucent gate.
 18320 | D:11     | Found a runed translucent gate.
 18322 | D:11     | Found a viscous altar of Jiyva.
 18322 | D:11     | Noticed Duralumin's ghost (novice SpCA)
 18420 | D:11     | Found a staircase to the Orcish Mines.
 18808 | D:11     | Identified the +2 hand crossbow of the Shining Light
                  | {freeze, rC++ Will- Str+3 SInv} (Okawaru gifted it to you
                  | on level 11 of the Dungeon)
 18808 | D:11     | Received a gift from Okawaru
 19102 | D:11     | Found Remuener's Assorted Antiques.
 19110 | D:11     | Bought a scroll labelled UCRAAC QEINK for 25 gold pieces
 19110 | D:11     | Bought a scroll of identify for 50 gold pieces
 19507 | D:7      | Killed duchin's ghost
 20035 | D:9      | Reached skill level 10 in Shields
 20480 | D:9      | Got the Volume of Freezing Poison
 20667 | Orc:1    | Entered Level 1 of the Orcish Mines
 20879 | Orc:1    | Found Tuvidahuq's Assorted Antiques.
 20884 | Orc:1    | Received a gift from Okawaru
 21248 | Orc:1    | Found a burning altar of Makhleb.
 21392 | Orc:2    | Entered Level 2 of the Orcish Mines
 21419 | Orc:2    | Found Otrifen's Magic Scroll Boutique.
 21419 | Orc:2    | Found Engysk's Magic Scroll Shop.
 21419 | Orc:2    | Found Vithoubb's Weapon Shop.
 21419 | Orc:2    | Found Jauxupn's Antique Weapon Shoppe.
 21560 | Orc:2    | Found a staircase to the Elven Halls.
 21637 | Orc:2    | Reached XP level 14. HP: 130/133 MP: 14/14
 22053 | Orc:2    | Received a gift from Okawaru
 22328 | Orc:2    | Reached skill level 15 in Fighting
 22499 | Orc:2    | Identified the +6 chain mail of Past Mistakes {Int+3}
                  | (Okawaru gifted it to you on level 2 of the Orcish Mines)
 22499 | Orc:2    | Received a gift from Okawaru
 22556 | Orc:2    | Bought a scroll of identify for 22 gold pieces
 22556 | Orc:2    | Bought a scroll of identify for 22 gold pieces
 22567 | Orc:2    | Bought a scorched scimitar for 306 gold pieces
 22567 | Orc:2    | Identified the +4 scimitar "Poeryn" {flame, Int+2 SInv
                  | Stlth+} (You bought it in a shop on level 2 of the Orcish
                  | Mines)
 22592 | Orc:2    | Bought a scroll of magic mapping for 38 gold pieces
 22953 | Orc:1    | You fall into a shaft and drop 1 floor!
 24032 | D:12     | Noticed Nessos
 24039 | D:12     | Killed Nessos
 25526 | D:13     | Noticed Erolcha
 25536 | D:13     | Killed Erolcha
 25920 | D:13     | Found a shadowy altar of Dithmenos.
 25976 | D:13     | Received a gift from Okawaru
 26671 | D:14     | Found Pouliv's Magic Scroll Shoppe.
 26679 | D:14     | Bought a scroll of brand weapon for 360 gold pieces
 26679 | D:14     | Bought a scroll of magic mapping for 63 gold pieces
 26975 | D:14     | Reached XP level 15. HP: 73/144 MP: 15/15
 27242 | D:14     | Found a gate to the Vaults.
 27495 | D:15     | Entered Level 15 of the Dungeon
 27710 | D:15     | Noticed Kirke
 28242 | D:15     | Noticed a sphinx
 28255 | D:14     | Killed Kirke
 28597 | D:15     | Reached skill level 1 in Unarmed Combat
 28707 | D:15     | Found Wewkeoh's Weapon Boutique.
 28756 | D:15     | Found a staircase to the Depths.
 28952 | D:15     | Found Lewot's Armour Emporium.
 29734 | Lair:5   | Found a staircase to the Slime Pits.
 30468 | Lair:6   | Entered Level 6 of the Lair of Beasts
 30864 | Lair:5   | Received a gift from Okawaru
 31692 | Lair:6   | Identified the +0 scale mail "Naquot" {Dex-5 Slay+4}
                  | (Okawaru gifted it to you on level 6 of the Lair of Beasts)
 31692 | Lair:6   | Received a gift from Okawaru
 32126 | Lair:6   | Reached XP level 16. HP: 155/155 MP: 16/16
 33523 | Elf:1    | Entered Level 1 of the Elven Halls
 33523 | Elf:1    | Found a runed translucent gate.
 33523 | Elf:1    | Found a runed translucent gate.
 33523 | Elf:1    | Found a runed translucent gate.
 33523 | Elf:1    | Found a runed translucent gate.
 33523 | Elf:1    | Found a runed translucent gate.
 33523 | Elf:1    | Found a runed translucent gate.
 33524 | Elf:1    | Found a runed translucent door.
 33904 | Elf:1    | Found a runed translucent door.
 33990 | Elf:1    | Cast into level 2 of the Abyss (a deep elf sorcerer)
 34858 | Abyss:2  | Paralysed by accursed screaming for 1 turns
 35343 | Elf:1    | Escaped the Abyss
 35917 | Elf:1    | Identified the +0 robe of the Merchant {rElec rF++}
 36167 | Elf:1    | Paralysed by an air elemental for 1 turns
 36184 | Elf:1    | HP: 6/154 [+1 vorpal halberd (2)]
 36184 | Elf:1    | HP: 1/154 [fire elemental[a deep elf pyromancer] (3)]
 36185 | Elf:1    | Killed from afar by a deep elf zephyrmancer

Illustrated notes

Levels and vault maps discovered:
D:1:      lemuel_arrival_room, layout_basic
D:2:      layout_basic, kennysheep_generic_room_11
D:3:      layout_loops_ring, hellmonk_ecumenical_altar_inner_sanctum,
          uniq_robin, uniq_ijyb, uniq_sigmund
D:4:      layout_cave_pools, uniq_edmund, uniq_blork_the_orc
D:5:      layout_basic, mainiacjoe_overflow_surrounded_room
D:6:      layout_rooms, minmay_temple_entry_mini_moons, nrook_loot_triangle,
          uniq_grinder
D:7:      nzn_winding_woodlands_three_and_one
          [nzn_winding_woodlands_5x15_default,
          nzn_winding_woodlands_5x15_lazy_stream,
          nzn_winding_woodlands_5x15_concentric,
          nzn_winding_woodlands_center_pierced_h], layout_rooms,
          gammafunk_ghost_necromancy, kennysheep_dice
D:8:      layout_rooms, uniq_psyche
D:9:      minmay_the_grid_octo_tiled_octocenter
          [minmay_the_grid_octo_tetromino_candy,
          minmay_the_grid_octo_checkerflower,
          minmay_the_grid_octo_vomiting_pacman, minmay_the_grid_octo_fan_narrow,
          minmay_the_grid_octo_prize_star,
          minmay_the_grid_square_5x5_intrusive_squares,
          minmay_the_grid_square_5x5_moneybag, minmay_the_grid_square_5x5_fat_x,
          minmay_the_grid_square_5x5_shrine1], layout_cross,
          nzn_wu_jian_council_hall, lair_entry_dummy,
          hangedman_abyss_or_decor_stabs, chequers_serial_rivers_micro_b,
          item_on_display_a
D:10:     layout_basic, enter_bailey_3, minmay_misc_feat_four_crosses
D:11:     layout_roguey, orc_0_dummy, gammafunk_ghost_ooze, serial_shops,
          nicolae_stop_n_shop_1, minmay_fractal_squares_gapless_5
D:12:     layout_stronghold, uniq_nessos
D:13:     layout_long_grid, nicolae_dithmenos_through_a_glass_darkly,
          uniq_erolcha
D:14:     layout_gridville, david_vaults_5, serial_shops, nicolae_shop_stone,
          kennysheep_nub, minmay_splitting_lines, solitary_fountain
D:15:     grunt_enter_depths_snipers, layout_stronghold, serial_shops, shop,
          shop, nicolae_wwwww, uniq_kirke
Temple:   mainiacjoe_temple_cubbyholes
Lair:1:   layout_layer_cave, st_stairs_10
Lair:2:   lemuel_reptile_caves, layout_long_grid
Lair:3:   layout_long_grid, nicolae_swamp_entry_splash_gauntlet,
          gammafunk_ghost_abyssal_escape, chequers_serial_rivers_small_b
Lair:4:   layout_cave_pods, nicolae_spider_entry_tight_spaces, serial_bayou,
          serial_bayou_shore_a, serial_bayou_ford_a, serial_bayou_pond_e,
          serial_bayou_pond_b, minmay_lair_oklob_bushes
Lair:5:   statuecave_lemuel, layout_gridlike, nicolae_slime_entry_slimehenge
Lair:6:   due_jungle_book, layout_misc_corridors, serial_rivers,
          chequers_serial_rivers_large_a, chequers_serial_rivers_marsh,
          chequers_serial_rivers_room_b, chequers_serial_rivers_marsh,
          chequers_serial_rivers_small_3, chequers_serial_rivers_large_b
Orc:1:    layout_caves, serial_shops, nicolae_shop_hallway_plus,
          david_defended_altar_orc
Orc:2:    st_orc_open, layout_caves, nicolae_orc_lost_temple
Elf:1:    nicolae_elf_arrival_dilemma, layout_geoelf_octagon, serial_shops,
          shop, minmay_elf_demonology

Skill      XL: |  1  2  3  4  5  6  7  8  9 10 11 12 13 14 15 16 |
---------------+-------------------------------------------------+-----
Armour         | 4 5 6 7 8 9 10 12 14 16 17 18 | 18.8
Fighting       | 4 5 6 8 9 11 13 14 16 17 | 17.9
Shields        | 4 5 6 7 8 9 10 11 13 14 | 14.1
Long Blades    | 3 4 5 7 9 11 12 14 15 17 18 | 18.2
Dodging        | 1 2 3 4 |  4.6
Stealth        | 1 2 3 4 |  4.0
Evocations     | 1 2 |  2.7
Short Blades   | 1 |  1.0
Invocations    | 1 2 |  2.5
Maces & Flails | 1 3 |  3.6
Unarmed Combat | 1 |  1.5
Throwing       | |  0.1

Action                   |  1- 3 |  4- 6 |  7- 9 | 10-12 | 13-15 | 16-18 || total
-------------------------+-------+-------+-------+-------+-------+-------++-------
Melee: Long sword        |    91 |    91 |   142 |   403 |   837 |    89 ||  1653
       Headbutt          |    11 |     8 |    30 |    73 |   243 |    70 ||   435
       Dagger            |       |       |     4 |       |       |       ||     4
       Morningstar       |       |       |       |     3 |     9 |       ||    12
       Scimitar          |       |       |       |       |    78 |       ||    78
       Unarmed           |       |       |       |       |    10 |       ||    10
       Double sword      |       |       |       |       |       |   173 ||   173
Throw: Throwing net      |       |       |     1 |       |       |       ||     1
Invok: Heroism           |       |       |     1 |     6 |     7 |     5 ||    19
Evoke: Wand              |       |     7 |     3 |     3 |    15 |       ||    28
  Use: Potion            |       |     5 |       |       |     3 |     3 ||    11
       Scroll            |       |     3 |     6 |    11 |     9 |     8 ||    37
 Stab: Distracted        |       |       |       |     1 |    10 |     3 ||    14
       Petrifying        |       |       |       |       |     1 |       ||     1
       Petrified         |       |       |       |       |     1 |       ||     1
Armor: Scale mail        |    38 |    22 |       |       |       |       ||    60
       Chain mail        |       |     9 |    25 |       |       |       ||    34
       Plate armour      |       |       |    42 |   126 |   438 |    88 ||   694
Dodge: Dodged            |    45 |    51 |    87 |   299 |   584 |    90 ||  1156
Block: Buckler           |    23 |    15 |    39 |   111 |   146 |       ||   334
       Kite shield       |       |       |       |       |   249 |   117 ||   366
